 Dungeon Sprint DCSS version 0.18.1-5-g4a78601 (webtiles) character file.

972 OfficerJojo the Experimenter (level 7, 0/35 HPs)
             Began as a Spriggan Artificer on May 11, 2016.
             Was a Believer of Pakellas.
             Slain by an unseen horror (7 damage)
             ... in the Dungeon (Sprint IX: "|||||||||||||||||||||||||||||").
             The game lasted 00:03:18 (156 turns).

OfficerJojo the Experimenter (Spriggan Artificer)    Turns: 156, Time: 00:03:18

Health: 0/35       AC:  4    Str:  7    XL:     7   Next: 94%
Magic:  12/20      EV: 27    Int: 16    God:    Pakellas [**....]
Gold:   0          SH:  0    Dex: 16    Spells: 0 memorised, 6 levels left

rFire  . . .     SeeInvis +     a - +0 short sword
rCold  . . .     Gourm    .     b - +0 robe
rNeg   . . .     Faith    .     (shield restricted)
rPois  .         Spirit   .     (helmet restricted)
rElec  .         Dismiss  .     (no cloak)
rCorr  .         Reflect  .     (gloves unavailable)
SustAt .         Harm     .     (boots unavailable)
MR     +....     NoTele   +     (no amulet)
Stlth  ++........               r - +2 ring of evasion
                                q - +2 ring of protection

@: very quick, somewhat resistant to hostile enchantments, unstealthy
A: unfitting armour, see invisible, herbivore 3, speed 3, slow metabolism 2
a: Quick Charge, Renounce Religion


You were in the Dungeon.
You worshipped Pakellas.
Pakellas was pleased with you.
You were not hungry.

You visited 1 branch

Inventory:

Hand Weapons
 a - a +0 short sword (weapon)
Armour
 b - a +0 robe (worn)
Jewellery
 q - a +2 ring of protection (left hand)
 r - a +2 ring of evasion (right hand)
Wands
 c - a wand of flame (0/48)
 d - a wand of enslavement (11/24)
 e - a wand of random effects (15/48)
 p - a wand of acid (1/15)
 s - a wand of polymorph (7/24)
Scrolls
 l - 2 scrolls of blinking
 n - 3 scrolls of remove curse
 o - 2 scrolls of amnesia
Potions
 g - 5 potions of curing
 h - 3 potions of heal wounds
 i - a potion of haste
 j - 4 potions of magic
 k - a potion of berserk rage
 m - a potion of invisibility
Miscellaneous
 t - a box of beasts
Comestibles
 f - a bread ration


   Skills:
 + Level 2.1 Fighting
 + Level 3.1 Short Blades
 + Level 10.5 Dodging
 + Level 2.4 Stealth
 + Level 18.5 Evocations


You had 6 spell levels left.
You didn't know any spells.

Dungeon Overview and Level Annotations

Branches:
Dungeon (1/1)

Altars:
Cheibriados
Dithmenos
Elyvilon
Fedhas
Gozag
Kikubaaqudgha
Makhleb
Nemelex Xobeh
Okawaru
Pakellas
Qazlal
Ru
Sif Muna
Trog
Vehumet
Xom
Yredelemnul
Zin
The Shining One
Beogh
Jiyva
Lugonu


Innate Abilities, Weirdness & Mutations

You are tiny and cannot use many weapons and most armour.
You have supernaturally acute eyesight.
You are a herbivore.
You cover ground extremely quickly.
You need consume almost no food.


Message History

The unseen horror hits you!
You closely miss the unseen horror.
The unseen horror is severely wounded.
The unseen horror misses you. The unseen horror hits you.
You hit the unseen horror.
The unseen horror is almost dead.
The unseen horror is no longer covered in acid.
The unseen horror hits you. x2
* * * LOW HITPOINT WARNING * * *
You are too injured to fight recklessly!
You are too injured to fight recklessly!
You don't know any spells.
Evoke which item? (* to show all) (? for menu, Esc to quit)
Zapping:
p - a wand of acid (2/15)
Press: ? - help, Shift-Dir - straight line, f/p - unseen horror
Aim: an unseen horror (almost dead, slightly transparent)
The bolt of acid misses the unseen horror.
This wand has 1 charge left.
The unseen horror hits you!
You die...
Pakellas says: Time to start the next experiment... ▓▓▓▓▓▓▓▓▓▓▓▓▓▓▓▓▓▓▓▓▓ ___'..|)[[[..)†.@x..+ ▓▓▓▓▓▓▓▓▓▓▓▓▓▓▓▓▓▓▓▓▓

You could see an unseen horror (invisible).

Vanquished Creatures
  A hill giant (D)
  A troll (D)
  A wyvern (D)
  An orc warrior (D)
  A hound (D)
  A dart slug (D)
  A giant gecko (D)
  A bat skeleton (D)
  2 goblins (D)
  A giant newt (D)
  A jackal zombie (D)
12 creatures vanquished.

Vanquished Creatures (collateral kills)
  A quokka (D)
1 creature vanquished.

Vanquished Creatures (others)
  A hound (D)
  An adder (D)
2 creatures vanquished.

Grand Total: 15 creatures vanquished

Notes
Turn   | Place    | Note
--------------------------------------------------------------
     0 | D        | OfficerJojo the Spriggan Artificer began the quest for the Orb.
     0 | D        | Reached XP level 1. HP: 9/9 MP: 4/4
     5 | D        | Reached skill level 5 in Evocations
    12 | D        | Reached skill level 6 in Evocations
    12 | D        | Reached XP level 2. HP: 14/14 MP: 5/7
    59 | D        | Reached skill level 8 in Evocations
    59 | D        | Reached XP level 3. HP: 17/17 MP: 7/9
    83 | D        | Found a glowing silver altar of Zin.
    83 | D        | Found a glowing golden altar of the Shining One.
    83 | D        | Found an ancient bone altar of Kikubaaqudgha.
    83 | D        | Found a basalt altar of Yredelemnul.
    83 | D        | Found a shimmering altar of Xom.
    83 | D        | Found a radiant altar of Vehumet.
    84 | D        | Found an iron altar of Okawaru.
    85 | D        | Found a burning altar of Makhleb.
    86 | D        | Found a deep blue altar of Sif Muna.
    87 | D        | Found a bloodstained altar of Trog.
    88 | D        | Found a sparkling altar of Nemelex Xobeh.
    89 | D        | Found a white marble altar of Elyvilon.
    90 | D        | Found a roughly hewn altar of Beogh.
    91 | D        | Found a viscous altar of Jiyva.
    92 | D        | Found a corrupted altar of Lugonu.
    93 | D        | Found a blossoming altar of Fedhas.
    94 | D        | Found a snail-covered altar of Cheibriados.
    95 | D        | Found a shadowy altar of Dithmenos.
    96 | D        | Found a stormy altar of Qazlal.
    97 | D        | Found an opulent altar of Gozag.
    98 | D        | Found a sacrificial altar of Ru.
    99 | D        | Found an oddly glowing altar of Pakellas.
   107 | D        | Became a worshipper of Pakellas the Inventive
   132 | D        | Noticed an orc warrior
   132 | D        | Noticed a wyvern
   132 | D        | Noticed a hill giant
   132 | D        | Noticed a troll
   132 | D        | Noticed an unseen horror
   134 | D        | Killed an orc warrior
   134 | D        | Reached skill level 1 in Fighting
   134 | D        | Reached skill level 11 in Evocations
   134 | D        | Reached XP level 4. HP: 22/22 MP: 9/12
   134 | D        | Killed a wyvern
   134 | D        | Reached * piety under Pakellas
   134 | D        | Received a gift from Pakellas
   134 | D        | Reached skill level 14 in Evocations
   134 | D        | Reached XP level 5. HP: 25/25 MP: 10/15
   134 | D        | Reached XP level 6. HP: 30/30 MP: 11/17
   138 | D        | Killed a hill giant
   138 | D        | Reached skill level 10 in Dodging
   138 | D        | Reached skill level 17 in Evocations
   138 | D        | Reached XP level 7. HP: 34/34 MP: 12/20
   139 | D        | Killed a troll
   139 | D        | Reached ** piety under Pakellas
   139 | D        | Received a gift from Pakellas
   139 | D        | Reached skill level 18 in Evocations
   156 | D        | Slain by an unseen horror

Skill      XL: |  1  2  3  4  5  6  7 |
---------------+----------------------+-----
Evocations     | 6 8 11 14 17 18 | 18.5
Dodging        | 4 6 8 10 | 10.5
Fighting       | 1 2 |  2.1
Short Blades   | 2 3 |  3.1
Stealth        | 2 |  2.4

Action                   |  1- 3 |  4- 6 |  7- 9 || total
-------------------------+-------+-------+-------++-------
Melee: Short sword       |     2 |       |     7 ||     9
Evoke: Wand              |    14 |     4 |     7 ||    25
Armor: Robe              |       |       |     1 ||     1
Dodge: Dodged            |     3 |       |    14 ||    17
